 Dungeon Crawl Stone Soup version 0.23.2-40-g277498a001 (webtiles) character file.

Game seed: 4083387552698185681

22 Descartes the Skirmisher (level 3, -6/30 HPs)
             Began as a Formicid Abyssal Knight on Oct 15, 2019.
             Was an Initiate of Lugonu.
             Mangled by an ogre
             ... wielding a cursed -3 giant club
              (26 damage)
             ... on level 4 of the Dungeon.
             The game lasted 00:04:01 (991 turns).

Descartes the Skirmisher (Formicid Abyssal Knight)   Turns: 991, Time: 00:04:02

Health: -6/30      AC: 11    Str: 17    XL:     3   Next: 7%
Magic:  4/4        EV:  5    Int: 11    God:    Lugonu [......]
Gold:   28         SH:  0    Dex: 10    Spells: 2/2 levels left

rFire    . . .     SeeInvis +   a - +1 hand axe
rCold    . . .     Gourm    .   (no shield)
rNeg     + . .     Faith    .   f - +0 plate armour
rPois    +         Spirit   .   (helmet unavailable)
rElec    .         Reflect  .   (no cloak)
rCorr    .         Harm     .   (no gloves)
MR       .....                  (no boots)
Stlth    ..........             (no amulet)
HPRegen  0.10/turn              e - ring of positive energy
MPRegen  0.09/turn              o - ring of poison resistance

@: no status effects
A: permanent stasis, dig shafts and tunnels, four strong arms, antennae 3
a: Dig, Shaft Self, Renounce Religion


You were on level 4 of the Dungeon.
You worshipped Lugonu.
Lugonu was noncommittal.
You were not hungry.

You visited 1 branch of the dungeon, and saw 3 of its levels.
You visited the Abyss 1 time.

You collected 28 gold pieces.

Inventory:

Hand Weapons
 a - a +1 hand axe (weapon)
Missiles
 j - 49 stones (quivered)
 m - 13 arrows
Armour
 b - a +0 leather armour
 f - a +0 plate armour (worn)
Jewellery
 e - a ring of positive energy (left hand)
 o - a ring of poison resistance (right hand)
Scrolls
 g - a scroll of amnesia {unknown}
 h - a scroll of magic mapping
 p - 2 scrolls of remove curse {unknown}
Potions
 d - a potion of flight {unknown}
 i - a potion of magic {unknown}
 k - 2 potions of curing {unknown}
 l - a potion of lignification {unknown}
 n - a potion of heal wounds {unknown}
 q - a potion of berserk rage {unknown}
Comestibles
 c - 8 rations


   Skills:
 + Level 4.0 Fighting
 + Level 2.1 Axes
 * Level 2.2 Armour
 + Level 1.1 Dodging
 + Level 2.3 Invocations


You had 2 spell levels left.
You didn't know any spells.
Your spell library was empty.

Dungeon Overview and Level Annotations

Branches:
Dungeon (2/15)

Altars:
Nemelex Xobeh

Portals:
Ossuary: D:4


Innate Abilities, Weirdness & Mutations

You cannot be hasted, slowed, berserked, paralysed or teleported.
You can dig through walls and to a lower floor.
Your four strong arms can wield two-handed weapons with a shield.
You have a pair of large antennae on your head. (SInv)


Message History

The frilled lizard hisses angrily.
You barely miss the frilled lizard.
The frilled lizard bites you but does no damage.
Your plate armour prevents you from hitting the frilled lizard.
The frilled lizard barely misses you.
You slash the frilled lizard!
You kill the frilled lizard!
Lugonu accepts your kill.
You start resting.
You hear the slow hiss of an avalanche of sand nearby.
You start resting.
You hear the slow hiss of an avalanche of sand nearby.
You extend your mandibles.
You dig through the rock wall.
You dig through the rock wall.
An ogre comes into view. It is wielding a -3 giant club.
The ogre shouts!
The ogre hits you with a cursed -3 giant club!!
Ouch! That really hurt!
You die...

***,***,* *,,,,,,,,,,,* ,,,** *,*
*,*********** *<** *,*
*################## *,*
*,*******#................. *,*
*,,,,{,,,#..#...#...#...#.. *,*
********,#_................ *,*
*,#..#...#...#...#.. *,*
*,#................. *,*
**#@.############### *,* #O###
*,* #.,,* *,*** ****#.*,* ,,,,*
**,,,..,,* *,*,******,,,*.#*,*
*,,,,,,,,,,,*..,,,***************
***,****,**,,.∩,,,**,,,,,,,,,,,,,
,,,,* *,**,*,,,,,**,************


You could see an ogre.

Vanquished Creatures
  A worm (D:2)
  An orc (D:2)
  6 bats (D:1)
  A goblin (D:1)
  4 kobolds
  A quokka (D:2)
  A frilled lizard (D:4)
  A rat (D:1)
16 creatures vanquished.

Notes
Turn   | Place    | Note
-------+----------+-------------------------------------------
     0 | Abyss:1  | Descartes the Formicid Abyssal Knight began the quest for
                  | the Orb.
     0 | Abyss:1  | Reached XP level 1. HP: 18/18 MP: 2/2
   186 | Abyss:1  | Noticed a smoke demon
   188 | D:1      | Escaped the Abyss
   439 | D:1      | Reached XP level 2. HP: 24/24 MP: 3/3
   807 | D:2      | Reached skill level 4 in Fighting
   813 | D:2      | Reached skill level 1 in Dodging
   888 | D:2      | Reached XP level 3. HP: 9/30 MP: 4/4
   889 | D:2      | You fall through a shaft for 2 floors!
   897 | D:4      | Found a sparkling altar of Nemelex Xobeh.
   991 | D:4      | Found a sand-covered staircase.
   991 | D:4      | Noticed an ogre
   991 | D:4      | Mangled by an ogre

Skill      XL: |  1  2 |
---------------+-------+-----
Fighting       | 4 |  4.0
Dodging        | 1 |  1.1
Axes           | |  2.1
Armour         | |  2.2
Invocations    | |  2.3

Action                   || total
-------------------------++-------
Melee: Hand axe          ||    52
Invok: Depart the Abyss  ||     1
 Abil: Dig               ||     1
  Use: Scroll            ||     1
Armor: Leather armour    ||    29
       Plate armour      ||     6
Dodge: Dodged            ||    56
